 Dungeon Crawl Stone Soup version 0.21.1-1-g345015f (webtiles) character file.

200 microfolk the Slasher (level 5, -9/42 HPs)
             Began as a Demonspawn Gladiator on Apr 19, 2018.
             Killed by divine providence
             ... invoked by an orc priest
              (14 damage)
             ... on level 3 of the Dungeon.
             The game lasted 00:05:24 (2334 turns).

microfolk the Slasher (Demonspawn Gladiator)        Turns: 2334, Time: 00:05:25

Health: -9/42      AC: 10    Str: 15    XL:     5   Next: 49%
Magic:  5/5        EV: 16    Int:  9    God:
Gold:   189        SH:  0    Dex: 20    Spells: 4/4 levels left

rFire    . . .     SeeInvis .   a - +0 long sword
rCold    . . .     Gourm    .   (no shield)
rNeg     . . .     Faith    .   p - +0 ring mail
rPois    .         Spirit   .   c - +1 helmet
rElec    .         Reflect  .   (no cloak)
rCorr    .         Harm     .   (no gloves)
MR       .....                  (no boots)
Stlth    +.........             (no amulet)
HPRegen  0.14/turn              k - +5 ring of dexterity
MPRegen  0.09/turn              t - +3 ring of evasion

@: no status effects
A: slimy green scales 2
a: no special abilities


You were on level 3 of the Dungeon.
You were not hungry.

You visited 1 branch of the dungeon, and saw 3 of its levels.

You collected 189 gold pieces.

Inventory:

Hand Weapons
 a - a +0 long sword (weapon)
 b - a +0 hunting sling
Missiles
 d - 3 throwing nets
 j - 22 sling bullets
 o - 57 stones (quivered)
Armour
 c - a +1 helmet (worn)
 e - a +0 chain mail
 p - a +0 ring mail (worn)
Jewellery
 k - a +5 ring of dexterity (left hand)
 t - a +3 ring of evasion (right hand)
Scrolls
 g - a scroll of noise {unknown}
 h - 4 scrolls of enchant armour
 i - a scroll of remove curse
 l - a scroll of fog {unknown}
 r - a scroll of magic mapping
 v - a scroll of amnesia {unknown}
 w - a scroll of identify {unknown}
Potions
 n - a potion of cancellation {unknown}
 q - a potion of might {unknown}
 s - a potion of lignification {unknown}
Books
 u - a book of Misfortune

   Spells                             Type                      Level
   a - Confusing Touch                Hexes                        1
   b - Confuse                        Hexes                        3
   c - Gell's Gravitas                Translocation                3
   d - Petrify                        Transmutation/Earth          4
   e - Metabolic Englaciation         Hexes/Ice                    5
   f - Yara's Violent Unravelling     Hexes/Transmutation          5
Comestibles
 f - 7 rations
 m - a chunk of flesh


   Skills:
 + Level 3.7 Fighting
 + Level 3.9 Long Blades
 - Level 1.7 Throwing
 + Level 3.9 Dodging


You had 4 spell levels left.
You didn't know any spells.

Dungeon Overview and Level Annotations

Branches:
Dungeon (3/15)

Altars:

Annotations:
D:3 Robin


Innate Abilities, Weirdness & Mutations

You are mostly covered in slimy green scales. (AC +3)


Message History

The orc priest invokes the aid of Beogh against you.
Beogh smites you!
* * * LOW HITPOINT WARNING * * *
You barely miss the orc priest.
The orc priest is severely wounded.
The orc priest closely misses you.
You closely miss the orc priest.
The orc priest is severely wounded.
The orc priest misses you.
You hit the orc priest but do no damage.
The orc priest is severely wounded.
The orc priest misses you.
You hit the orc priest but do no damage.
The orc priest is severely wounded.
The orc priest barely misses you.
You closely miss the orc priest.
The orc priest is severely wounded.
The orc priest mumbles some strange prayers to Beogh against you.
Beogh smites you!
You die...

*,* #.# #....# *,* #.####..#(#
*,* #.,..#..#.# *,* ***#.#..#.#
*,* #.#..#.# *,* #.#..#.# *,*
#.#..#.# # *,*######(#..#.# #
*,,.......(.o@)# #
******######.####.# ,,,,,* #.*
#.# ****,******#.* #.#
,,,,,,,,,,,..***#.#**************
****,,,,,,,.#**,...,,,,,,,,,,,,,,
* *******#o* *,###*************,
** #.* *,* *, ,* *,* *,* **


You could see an orc priest.

Vanquished Creatures
  A centaur (D:2)
  3 adders (D:2)
  2 oozes
  3 worms
  A dart slug (D:2)
  3 leopard geckos
  2 orcs (D:3)
  4 bats
  3 giant cockroaches
  10 goblins
  10 hobgoblins
  6 jackals
  8 kobolds
  A quokka (D:3)
  A frilled lizard (D:1)
  8 rats
66 creatures vanquished.

Notes
Turn   | Place    | Note
-------+----------+-------------------------------------------
     0 | D:1      | microfolk the Demonspawn Gladiator began the quest for the Orb.
     0 | D:1      | Reached XP level 1. HP: 16/16 MP: 1/1
     0 | D:1      | Noticed a minotaur zombie
    94 | D:1      | Gained mutation: You are partially covered in slimy green scales. (AC +2) [demonic ancestry]
    94 | D:1      | Reached XP level 2. HP: 22/22 MP: 2/2
   586 | D:1      | Reached XP level 3. HP: 25/28 MP: 3/3
   884 | D:2      | Reached XP level 4. HP: 18/35 MP: 4/4
  1165 | D:2      | Noticed a centaur
  1179 | D:2      | Killed a centaur
  1179 | D:2      | Gained mutation: You are mostly covered in slimy green scales. (AC +3) [demonic ancestry]
  1179 | D:2      | Reached XP level 5. HP: 20/41 MP: 5/5
  1949 | D:3      | Noticed Robin
  2334 | D:3      | Killed from afar by an orc priest

Skill      XL: |  1  2  3 |
---------------+----------+-----
Long Blades    | 3 |  3.9
Dodging        | 3 |  3.9
Fighting       | 3 |  3.7
Throwing       | |  1.7

Action                   |  1- 3 |  4- 6 || total
-------------------------+-------+-------++-------
Melee: Long sword        |    93 |   117 ||   210
Throw: Stone             |       |     3 ||     3
  Use: Potion            |     1 |       ||     1
       Scroll            |       |     3 ||     3
 Stab: Sleeping          |     1 |       ||     1
  Eat: Chunk             |       |     5 ||     5
Armor: Leather armour    |    17 |       ||    17
       Ring mail         |    28 |    36 ||    64
Dodge: Dodged            |    60 |    85 ||   145
       Rpst.: Long sword |    25 |    22 ||    47
